 Dungeon Sprint DCSS version 0.24-a0-250-g6074511092 (webtiles) character file.

Game seed: 11656263858100055851

0 Redear the Caller (level 1, -9/13 HPs)
             Began as a Mummy Summoner on Apr 15, 2019.
             Was an Initiate of Makhleb.
             Mangled by a porcupine (13 damage)
             ... in the Dungeon (Sprint VI: "Thunderdome").
             The game lasted 00:00:59 (107 turns).

Redear the Caller (Mummy Summoner)                   Turns: 107, Time: 00:00:59

Health: -9/13      AC:  2    Str: 11    XL:     1   Next: 16%
Magic:  2/4        EV: 12    Int: 14    God:    Makhleb [......]
Gold:   200        SH:  0    Dex: 12    Spells: 5/6 levels left

rFire    x . .     SeeInvis .   (no weapon)
rCold    + . .     Gourm    .   (no shield)
rNeg     + + +     Faith    .   a - +0 robe
rPois    ∞         Spirit   .   (no helmet)
rElec    .         Reflect  .   (no cloak)
rCorr    .         Harm     .   (no gloves)
MR       .....     NoTele   +   (no boots)
Stlth    ++........             (no amulet)
HPRegen  0.04/turn              (no ring)
MPRegen  0.09/turn              (no ring)

@: no status effects
A: no food or potions, fire vulnerability, cold resistance 1, negative energy
resistance 3, torment resistance, unbreathing
a: Renounce Religion


You were in the Dungeon.
You worshipped Makhleb.
Makhleb was noncommittal.
You were not hungry.

You visited 1 branch You collected 200 gold pieces.

Inventory:

Armour
 a - a +0 robe (worn)
Wands
 A - a wand of acid (5)
 I - a wand of iceblast (5)
Scrolls
 b - 3 scrolls of fog
 B - 4 scrolls of blinking {@r4}


   Skills:
 - Level 1.5 Dodging
 + Level 1.9 Stealth
 + Level 3.1 Spellcasting
 + Level 3.4 Summonings


You had 5 spell levels left.
You knew the following spells:

 Your Spells              Type           Power        Failure   Level  Hunger
a - Summon Small Mammal   Summ           ##..         5%          1    N/A

Your spell library contained the following spells:

 Spells                   Type           Power        Failure   Level  Hunger
 Call Imp                 Summ           ##......     8%          2    N/A
 Call Canine Familiar     Summ           ##......     16%         3    N/A
 Summon Guardian Golem    Hex/Summ       #.......     30%         3    N/A
 Summon Ice Beast         Ice/Summ       #.......     71%         4    N/A
 Summon Lightning Spire   Summ/Air       #.......     71%         4    N/A

Dungeon Overview and Level Annotations

Branches:
Dungeon (1/1)

Altars:
Cheibriados
Dithmenos
Gozag
Kikubaaqudgha
Makhleb
Okawaru
Qazlal
Sif Muna
Trog
Wu Jian
Xom
Yredelemnul
Zin
The Shining One
Beogh
Jiyva
Lugonu

Shops:
D *[%???:(

Annotations:
D Purgy


Innate Abilities, Weirdness & Mutations

You do not eat or drink.
Your flesh is vulnerable to fire.
You are immune to poison.
Your flesh is cold resistant. (rC+)
You are immune to negative energy. (rN+++)
You are immune to unholy pain and torment.
You can survive without breathing.


Message History

Your bat barely misses Purgy.
The porcupine completely misses you.
Your bat closely misses Purgy.
Your bat hits Purgy but does no damage.
Your bat closely misses the porcupine.
Your bat closely misses the porcupine.
Something bites your bat but does no damage.
Something barely misses your bat.
Something claws your bat but does no damage.
The porcupine misses you.
Your bat closely misses the porcupine.
Your bat barely misses the porcupine.
Your bat hits the porcupine but does no damage.
The porcupine twitches its whiskers.
The porcupine bites you.
You take 2 damage, and have 11/13 hp.
The porcupine bites you!
Ouch! That really hurt!
You take 7 damage, and have 4/13 hp.
MASSIVE DAMAGE!!
The porcupine bites you!
Ouch! That really hurt!
You die...

######.8.....T...8.###
##∩___......###......__
#∩........8.# #.8.......
............###.........
.........###...###......
.........# #.<.# ......
........T###...# .....
..........r.###........
#∩........8@# .8......
##∩.__......# ......_
######.8..... ...8.##
#⌠...........⌠#
###.........###
#_........# #_.......
#_......._


You could see Purgy and a porcupine.

Vanquished Creatures
  2 rats (D)
2 creatures vanquished.

Notes
Turn   | Place    | Note
-------+----------+-------------------------------------------
     0 | D        | Redear the Mummy Summoner began the quest for the Orb.
     0 | D        | Reached XP level 1. HP: 13/13 MP: 4/4
     1 | D        | Found a viscous altar of Jiyva.
     1 | D        | Found a bloodstained altar of Trog.
     2 | D        | Found a glowing silver altar of Zin.
     2 | D        | Found a roughly hewn altar of Beogh.
     3 | D        | Found a basalt altar of Yredelemnul.
     3 | D        | Found a burning altar of Makhleb.
     4 | D        | Found an opulent altar of Gozag.
     4 | D        | Found Benlash's Magic Scroll Shop.
     4 | D        | Found Yrushis's Staff Store.
     5 | D        | Found an ornate altar of the Wu Jian Council.
     5 | D        | Found Wehofeb's Magic Scroll Shop.
     5 | D        | Found Gidghe's Must-Have Magic.
     5 | D        | Round 1.
    13 | D        | Found a shadowy altar of Dithmenos.
    14 | D        | Found an iron altar of Okawaru.
    20 | D        | Became a worshipper of Makhleb the Destroyer
    44 | D        | Found a snail-covered altar of Cheibriados.
    47 | D        | Reached skill level 3 in Spellcasting
    67 | D        | Noticed Purgy
    74 | D        | Found a shimmering altar of Xom.
    74 | D        | Found a glowing golden altar of the Shining One.
    75 | D        | Found a stormy altar of Qazlal.
    75 | D        | Found a corrupted altar of Lugonu.
    77 | D        | Found Vueqeg's Identification Station.
    77 | D        | Found Geurus's Delicious Food.
    78 | D        | Found Iramitud's Advanced Armour.
    78 | D        | Found Ruecoich's Jewellery.
    85 | D        | Noticed a porcupine
   107 | D        | Found a deep blue altar of Sif Muna.
   107 | D        | Found an ancient bone altar of Kikubaaqudgha.
   107 | D        | Mangled by a porcupine

Levels and vault maps discovered:
D:        arena_sprint

Skill      XL: |  1 |
---------------+----+-----
Spellcasting   | 3 |  3.1
Dodging        | |  1.5
Stealth        | |  1.9
Summonings     | |  3.4

Action                   || total
-------------------------++-------
Melee: Unarmed           ||     3
 Cast: Summon Small Mamm ||     6
Dodge: Dodged            ||     5

Table legend:
 A = Non-vault XP
 B = Vault XP
 C = Vault XP percentage of total XP
 D = Non-vault monster count
 E = Vault monster count
 F = Vault count percentage of total count
                 A         B        C        D         E       F
            +---------+---------+-------+---------+---------+-------
      Total |       2 |       0 |   0.0 |       2 |       0 |   0.0
            +---------+---------+-------+---------+---------+-------
          D |       2 |       0 |   0.0 |       2 |       0 |   0.0
            +---------+---------+-------+---------+---------+-------
